 Dungeon Crawl Stone Soup version 0.29.1-13-g9f3cf754e1 (webtiles) character file.

Game seed: 5528466361994886362

67 booth the Vexing (level 3, 0/24 HPs)
             Began as a Demonspawn Enchanter on Jan 22, 2023.
             Killed from afar by an orc wizard (3 damage)
             ... with a magic dart
             ... on level 3 of the Dungeon.
             The game lasted 00:15:25 (2774 turns).

booth the Vexing (Demonspawn Enchanter)             Turns: 2774, Time: 00:15:26

Health: 0/24       AC:  4    Str:  8    XL:     3   Next: 98%
Magic:  4/6        EV: 12    Int: 18    God:
Gold:   249        SH:  0    Dex: 15    Spells: 1/6 levels left

rFire   . . .      SeeInvis .   a - +1 dagger
rCold   . . .      Faith    .   (no shield)
rNeg    . . .      Spirit   .   b - +0 robe
rPois   .          Reflect  .   (helmet restricted)
rElec   .          Harm     .   (no cloak)
rCorr   .          Rampage  .   g - +0 pair of gloves
Will    .....                   p - +0 pair of boots
Stlth   +++.......              (no amulet)
HPRegen 0.08/turn               (no ring)
MPRegen 0.10/turn               (no ring)

@: very slightly contaminated
A: horns 1, thin skeletal structure 1
a: no special abilities


You were on level 3 of the Dungeon.
You visited 1 branch of the dungeon, and saw 4 of its levels.

You collected 249 gold pieces.

Inventory:

Hand Weapons
 a - a +1 dagger (weapon)
 i - a +0 mace
 n - a +0 hand axe
Missiles
 e - 7 poisoned darts (quivered)
 q - a throwing net
Armour
 b - a +0 robe (worn)
 g - a +0 pair of gloves (worn)
 p - a +0 pair of boots (worn)
Jewellery
 m - an amulet of the acrobat
Wands
 s - a wand of paralysis (5)
 x - a wand of roots (11)
Scrolls
 d - a scroll of teleportation
 j - a scroll of identify {unknown}
 l - 2 scrolls of enchant weapon {unknown}
 u - a scroll of magic mapping {unknown}
 w - a scroll of fear {unknown}
Potions
 c - 2 potions of invisibility
 f - a potion of might {unknown}
 h - 2 potions of flight {unknown}
 k - a potion of mutation {unknown}
 o - a potion of ambrosia {unknown}
 r - a potion of resistance {unknown}
 t - 2 potions of haste {unknown}
 v - a potion of berserk rage {unknown}


   Skills:
 + Level 1.4 Short Blades
 + Level 1.9 Dodging
 + Level 3.4 Stealth
 + Level 2.2 Spellcasting
 * Level 3.7 Hexes
 + Level 0.2 Ice Magic


You had one spell level left.
You knew the following spells:

 Your Spells              Type           Power      Damage    Failure   Level
a - Ensorcelled Hibernat  Hex/Ice        18%        N/A       12%         2
b - Confusing Touch       Hex            15%        N/A       12%         3

Your spell library contained the following spells:

 Spells                   Type           Power      Damage    Failure   Level
 Tukima's Dance           Hex            15%        N/A       12%         3
 Dazzling Flash           Conj/Hex       16%        N/A       24%         3
 Summon Ice Beast         Ice/Summ       2%         N/A       86%         4
 Summon Mana Viper        Hex/Summ       8%         N/A       92%         5
 Monstrous Menagerie      Summ           1%         N/A       100%        7


Dungeon Overview and Level Annotations

Branches:
Dungeon (4/15)
 Temple: D:4-7

Altars:
Okawaru


Innate Abilities, Weirdness & Mutations

You have a pair of small horns on your head.
You have a somewhat thin skeletal structure. (Dex +2, Stealth+)


Message History

There is a stone staircase leading down here.
No target in view!
You now have 240 gold pieces (gained 6).
You see here a +0 club.
You now have 249 gold pieces (gained 9).
x - a wand of roots (12)
An orc comes into view. It is wielding a +2 vampiric hand axe.
The orc shouts!
The endoplasm quivers.
You hear a shout! x2
An orc comes into view. It is wielding a +0 flail.
The orc barely misses you.
The orc shouts!
The orc wizard casts a spell.
The orc wizard flickers and vanishes!
Deactivating autopickup; reactivate with Ctrl-A.
The orc hits you with a +2 vampiric hand axe!
Casting: Ensorcelled Hibernation (safe; 12% risk of failure)
Confirm with . or Enter, or press ? or * to list all spells.
Aiming: Ensorcelled Hibernation (safe; 12% risk of failure)
Press: ? - help, Shift-Dir - straight line, f - orc
Aim: an orc, wielding a +2 vampiric hand axe, wearing a +0 leather armour and quivering boomerangs (chance to affect: 61%)
You miscast Ensorcelled Hibernation.
You are very lightly contaminated with residual magic.
Nothing appears to happen.
The orc hits you with a +2 vampiric hand axe.
You hit the orc but do no damage. You headbutt the orc, but do no damage.
The orc hits you with a +2 vampiric hand axe!
* * * LOW HITPOINT WARNING * * *
Aiming: Fastroot
Press: ? - help, Shift-Dir - straight line, f - endoplasm, p - orc
Aim: an endoplasm The roots erupt in riotous growth!
Roots grab the orc.
The endoplasm is unaffected.
The grasping roots constrict the orc!
You kill the orc!
You hear a shout!
A magic dart appears from out of thin air!
The magic dart hits you.
You die...

......................#
.............#........#
...........##.........#
...... ..?#.#.........#
##.... .##.#...oJ.....#
#... #....#)###### ###
#....#{# # #.....#.# .#
#......#@# ..
......{.#.# ..
........o#.# .#
..##........# #. .#
.#......## .# . #. ..
...


You could see an orc and an endoplasm.

Vanquished Creatures
  An adder (D:2)
  A worm (D:2)
  A dart slug (D:3)
  An orc (D:3)
  4 endoplasms (D:1)
  5 giant cockroaches
  4 goblins
  3 hobgoblins (D:1)
  4 jackals (D:3)
  5 quokkas
  3 ball pythons
  6 bats
  A frilled lizard (D:1)
  3 kobolds (D:2)
  5 rats
47 creatures vanquished.

Notes
Turn   | Place    | Note
-------+----------+-------------------------------------------
     0 | D:1      | booth the Demonspawn Enchanter began the quest for the Orb.
     0 | D:1      | Reached XP level 1. HP: 13/13 MP: 3/3
   431 | D:1      | Gained mutation: You have a pair of small horns on your
                  | head. [demonic ancestry]
   431 | D:1      | Reached XP level 2. HP: 19/19 MP: 5/5
   434 | D:1      | Learned a level 2 spell: Ensorcelled Hibernation
   560 | D:1      | Reached skill level 1 in Short Blades
  1174 | D:2      | Gained mutation: You have a somewhat thin skeletal
                  | structure. (Dex +2, Stealth+) [demonic ancestry]
  1174 | D:2      | Reached XP level 3. HP: 24/24 MP: 6/6
  1178 | D:2      | Learned a level 3 spell: Confusing Touch
  1536 | D:2      | You fall into a shaft and drop 2 floors!
  1976 | D:3      | Found an iron altar of Okawaru.
  2464 | D:2      | Found a faded altar of an unknown god.
  2774 | D:3      | Killed from afar by an orc wizard

Illustrated notes

Levels and vault maps discovered:
D:1:      dpeg_arrival_arbitrary_c, layout_basic
D:2:      layout_loops_ring, basic_altar, basic_ecumenical_altar
D:3:      layout_basic, okawaru_metal_pillars_1_2, kennysheep_cross_room,
          minmay_misc_feat_secret_circle, kennysheep_generic_room_9
D:4:      layout_basic, grunt_decor_junction

Skill      XL: |  1  2 |
---------------+-------+-----
Short Blades   | 1 |  1.4
Stealth        | 3 |  3.4
Dodging        | |  1.9
Spellcasting   | |  2.2
Hexes          | |  3.7
Ice Magic      | |  0.2

Action                   || total
-------------------------++-------
Melee: Dagger            ||   152
       Punch             ||     3
       Headbutt          ||    13
 Cast: Ensorcelled Hiber ||    16
Evoke: Wand              ||     1
  Use: Scroll            ||     1
 Stab: Sleeping          ||    14
Armor: Robe              ||    49
Dodge: Dodged            ||    84
